 Dungeon Crawl Stone Soup version 0.28.0-49-g6dfe1f597d (webtiles) character file.

Game seed: 15099743301128141363

1346 Zeld the Caller (level 8, -1/64 HPs)
             Began as a Merfolk Summoner on May 17, 2022.
             Killed from afar by an orc warrior (4 damage)
             ... with a puff of flame
             ... on level 6 of the Dungeon.
             The game lasted 00:07:59 (9611 turns).

Zeld the Caller (Merfolk Summoner)                  Turns: 9611, Time: 00:08:00

Health: -1/64      AC:  6    Str: 11    XL:     8   Next: 62%
Magic:  23/23      EV: 13    Int: 14    God:
Gold:   312        SH:  0    Dex: 14    Spells: 5/15 levels left

rFire   . . .      SeeInvis .   c - +2 whip (venom)
rCold   . . .      Faith    .   (no shield)
rNeg    . . .      Spirit   .   a - +3 leather armour {rPois}
rPois   +          Reflect  .   (no helmet)
rElec   .          Harm     .   (no cloak)
rCorr   .          Rampage  .   (no gloves)
Will    .....                   (no boots)
Stlth   +++.......              (no amulet)
HPRegen 0.20/turn               l - ring of magical power
MPRegen 0.18/turn               (no ring)

@: no status effects
A: (nimble swimmer 2), mertail
a: no special abilities


You were on level 6 of the Dungeon.
You visited 1 branch of the dungeon, and saw 6 of its levels.

You collected 312 gold pieces.

Inventory:

Hand Weapons
 c - a +2 whip of venom (weapon)
Armour
 a - a +3 leather armour of poison resistance (worn)
Jewellery
 l - a ring of magical power (left hand)
Wands
 s - a wand of polymorph (11)
Scrolls
 b - a scroll of immolation {unknown}
 h - a scroll of amnesia {unknown}
 i - 3 scrolls of teleportation {unknown}
 k - a scroll of vulnerability {unknown}
 n - 2 scrolls of identify {unknown}
 o - a scroll of enchant armour {unknown}
 q - a scroll of blinking {unknown}
 r - a scroll of summoning {unknown}
 t - a scroll of fear {unknown}
Potions
 d - 2 potions of attraction {unknown}
 e - a potion of curing {unknown}
 f - a potion of haste
 g - 2 potions of brilliance {unknown}
 j - 5 potions of degeneration {unknown}
 m - 2 potions of flight {unknown}
 p - 2 potions of mutation {unknown}


   Skills:
 * Level 5.7 Fighting
 + Level 5.5 Dodging
 + Level 5.1 Stealth
 + Level 4.1 Spellcasting
 * Level 6.7 Summonings


You had 5 spell levels left.
You knew the following spells:

 Your Spells              Type           Power      Damage    Failure   Level
a - Summon Small Mammal   Summ           84%        N/A       1%          1
b - Call Imp              Summ           21%        N/A       2%          2
c - Call Canine Familiar  Summ           21%        N/A       4%          3
d - Summon Lightning Spi  Summ/Air       12%        N/A       54%         4

Your spell library contained the following spells:

 Spells                   Type           Power      Damage    Failure   Level
 Summon Guardian Golem    Hex/Summ       12%        N/A       19%         3
 Sublimation of Blood     Necr           2%         N/A       36%         2
 Wereblood                Tmut           2%         N/A       36%         2
 Inner Flame              Hex/Fire       2%         N/A       58%         3
 Portal Projectile        Hex/Tloc       4%         N/A       58%         3
 Tukima's Dance           Hex            2%         N/A       58%         3
 Passage of Golubria      Tloc           2%         N/A       94%         4
 Yara's Violent Unravell  Hex/Tmut       1%         3d3       100%        5
 Summon Hydra             Summ           10%        N/A       100%        7
 Death's Door             Necr           1%         N/A       100%        9


Dungeon Overview and Level Annotations

Branches:
Dungeon (6/15)
 Temple: D:4-7

Altars:
Elyvilon
Fedhas
Trog
Vehumet
Zin


Innate Abilities, Weirdness & Mutations

((You are very nimble when in or above water. (Stealth+, EV+, Speed+++)))
Your lower body shifts to a powerful aquatic tail in water.


Message History

Your hound bites the ice beast.
You hit the ice beast.
The ice beast is severely wounded.
Your hound bites the ice beast.
The ice beast closely misses you.
You closely miss the ice beast.
The ice beast is severely wounded.
Your hound bites the ice beast. x2
The ice beast hits your hound but does no damage.
You catch the helpless ice beast completely off-guard!
You hit the ice beast but do no damage.
The ice beast is poisoned.
The ice beast is almost dead.
Your hound misses the ice beast.
The ice beast hits you but does no damage.
Your hound barely misses the ice beast.
Your hound closely misses the ice beast.
You kill the ice beast!
Your hound disappears in a puff of smoke!
Magic restored.
An orc warrior is nearby!
An orc warrior is nearby!
An orc warrior is nearby!
The orc warrior shouts!
The orc warrior zaps a wand.
The puff of flame misses you.
You closely miss the orc warrior.
The orc warrior zaps a wand.
The puff of flame misses you.
You hit the orc warrior but do no damage.
The orc warrior is poisoned.
The orc warrior drinks a potion.
The orc warrior seems to speed up.
You barely miss the orc warrior.
The orc warrior is lightly wounded.
The orc warrior hits you with a +0 dire flail! x2
* * * LOW HITPOINT WARNING * * *
You are too injured to fight recklessly!
You are too injured to fight recklessly!
The orc warrior hits you with a +0 dire flail!
* * * LOW HITPOINT WARNING * * *
The orc warrior zaps a wand.
The puff of flame hits you.
* * * LOW HITPOINT WARNING * * *
The orc warrior zaps a wand.
The puff of flame hits you.
You die...

... ... #.#
########### #.#
#...<.....# #.#
#.##)#.##.# #.#
#.#.###.#.# #.#
#..##
##..########.####
#.##
##.....@..o....#
#..##
##..########.##.#
#...###...#
##...#.####
#.##.#.#..#
#..........
#.........#
##...######
#.###..#.## ##.##
#........# #.#
######.### #.#
#.# ##'##


You could see an orc warrior (fast, very poisoned).

Vanquished Creatures
  A centaur zombie (D:6)
  Eustachio (D:5)
  Duvessa (D:5)
  2 ice beasts
  A centaur (D:5)
  An ogre (D:5)
  A scorpion (D:3)
  Dowan (D:5)
  2 water moccasin skeletons (D:4)
  A hound (D:3)
  An orc priest (D:3)
  A bullfrog skeleton (D:5)
  A centaur skeleton (D:5)
  A howler monkey zombie (D:4)
  3 adders
  A white imp (D:6)
  A worm (D:3)
  5 orcs
  A ball python (D:1)
  4 bats
  5 endoplasms
  2 giant cockroaches
  7 goblins
  A jackal (D:2)
  2 quokkas
  2 frilled lizards (D:3)
  5 kobolds
  3 rats
58 creatures vanquished.

Vanquished Creatures (collateral kills)
  An adder (D:3)
  An endoplasm (D:1)
  A giant cockroach (D:1)
  A goblin (D:1)
  A hobgoblin (D:1)
  A jackal (D:2)
  A ball python (D:1)
  A frilled lizard (D:1)
  4 kobolds
  A rat (D:1)
13 creatures vanquished.

Vanquished Creatures (others)
  A quokka (D:5)
1 creature vanquished.

Grand Total: 72 creatures vanquished

Notes
Turn   | Place    | Note
-------+----------+-------------------------------------------
     0 | D:1      | Zeld the Merfolk Summoner began the quest for the Orb.
     0 | D:1      | Reached XP level 1. HP: 13/13 MP: 3/3
   279 | D:1      | Reached XP level 2. HP: 20/20 MP: 3/5
   300 | D:1      | Learned a level 2 spell: Call Imp
   540 | D:1      | Reached skill level 1 in Fighting
  1023 | D:2      | Reached XP level 3. HP: 22/26 MP: 6/6
  1027 | D:2      | Learned a level 3 spell: Call Canine Familiar
  2677 | D:3      | Found a faded altar of an unknown god.
  3228 | D:3      | Noticed a scorpion
  3235 | D:3      | Killed a scorpion
  3236 | D:3      | Reached XP level 4. HP: 20/33 MP: 8/8
  3660 | D:3      | Reached XP level 5. HP: 38/39 MP: 9/9
  3826 | D:4      | Got Ujel Pua's Disquisition on Enchantment and Evil
  4145 | D:4      | Learned a level 4 spell: Summon Lightning Spire
  4661 | D:3      | HP: 1/40 [orc priest/nerve-wracking pain (13)]
  4663 | D:3      | Reached XP level 6. HP: 1/47 MP: 10/10
  4983 | D:4      | Reached skill level 5 in Summonings
  5493 | D:5      | Entered Level 5 of the Dungeon
  5750 | D:5      | Noticed Dowan
  6081 | D:5      | Noticed Duvessa
  6639 | D:5      | Killed Duvessa
  6640 | D:5      | Reached XP level 7. HP: 26/53 MP: 11/11
  6827 | D:5      | Found a white marble altar of Elyvilon.
  6830 | D:5      | Noticed Eustachio
  6854 | D:5      | Killed Dowan
  7141 | D:5      | Killed Eustachio
  7173 | D:5      | Found a blossoming altar of Fedhas.
  7381 | D:5      | Reached skill level 6 in Summonings
  7570 | D:5      | Found a bloodstained altar of Trog.
  7592 | D:5      | Found a glowing silver altar of Zin.
  7805 | D:5      | Reached skill level 5 in Dodging
  7805 | D:5      | Reached XP level 8. HP: 50/61 MP: 13/13
  7892 | D:5      | Found a radiant altar of Vehumet.
  7938 | D:6      | Reached skill level 5 in Fighting
  8334 | D:6      | Reached skill level 5 in Stealth
  8371 | D:6      | Noticed a two-headed ogre
  8677 | D:5      | Found a white marble altar of Elyvilon.
  8967 | D:5      | Found a glowing silver altar of Zin.
  9069 | D:5      | Found a blossoming altar of Fedhas.
  9231 | D:5      | Found a radiant altar of Vehumet.
  9400 | D:5      | Found a bloodstained altar of Trog.
  9610 | D:6      | HP: 3/64 [orc warrior/puff of flame (6)]
  9611 | D:6      | Killed from afar by an orc warrior

Illustrated notes

Levels and vault maps discovered:
D:1:      dpeg_arrival_prison, layout_rooms
D:2:      layout_loops_cross
D:3:      layout_loops_corners, ebering_ecumenical_altar_webs
D:4:      layout_rooms
D:5:      layout_loops_ring, elyvilon_altar_4, mainiacjoe_overflow_paths,
          mainiacjoe_overflow_alcove_2, mainiacjoe_overflow_swirl, uniq_duvessa,
          uniq_eustachio
D:6:      layout_loops_corners, mainiacjoe_overflow_boulevard, kennysheep_mini,
          minmay_temple_entry_enclosed_plants, biasface_ghost_orc_armoury

Skill      XL: |  1  2  3  4  5  6  7  8 |
---------------+-------------------------+-----
Fighting       | 1 2 3 4 5 |  5.7
Dodging        | 3 4 5 |  5.5
Stealth        | 3 4 5 |  5.1
Spellcasting   | 3 4 |  4.1
Summonings     | 5 6 |  6.7

Action                   |  1- 3 |  4- 6 |  7- 9 || total
-------------------------+-------+-------+-------++-------
Melee: Unarmed           |     7 |       |       ||     7
       Dagger            |    41 |       |       ||    41
       Punch             |     1 |     2 |     2 ||     5
       Whip              |    34 |    86 |    83 ||   203
 Cast: Summon Small Mamm |     6 |       |       ||     6
       Call Imp          |     4 |       |     2 ||     6
       Call Canine Famil |     1 |     4 |    16 ||    21
       Summon Lightning  |       |       |     1 ||     1
 Stab: Sleeping          |     5 |     5 |       ||    10
       Distracted        |       |       |     2 ||     2
Armor: Robe              |    17 |    17 |       ||    34
       Leather armour    |       |       |    51 ||    51
Dodge: Dodged            |    65 |    80 |    63 ||   208
